 Dungeon Crawl Stone Soup version 0.31-a0-532-g28f74ba3e5 (webtiles) character file.

Game seed: 18442901571288820007

308 Shayle the Trooper (level 6, -3/62 HPs)
             Began as an Ogre Shapeshifter on Aug 13, 2023.
             Slain by an orc
             ... wielding a +0 flail
              (8 damage)
             ... on level 4 of the Dungeon.
             The game lasted 00:04:47 (2948 turns).

Shayle the Trooper (Ogre Shapeshifter)              Turns: 2948, Time: 00:04:47

Health: -3/62      AC:  3    Str: 20    XL:     6   Next: 40%
Magic:  6/6        EV: 10    Int: 11    God:
Gold:   173        SH:  0    Dex:  9    Spells: 5/5 levels left

rFire   + . .        e - +3 flail
rCold   + . .        (no shield)
rNeg    . . .        a - +0 animal skin
rPois   +            (helmet currently unavailable)
rElec   +            (cloak currently unavailable)
rCorr   +            (gloves unavailable)
SInv    .            (boots unavailable)
Will    .....        (no amulet)
Stlth   +            (no ring)
HPRegen 0.30/turn    (no ring)
MPRegen 0.10/turn

%: no passive effects
@: confused, beast-form, resistant
A: beast (slay +2), large, unfitting armour, tough skin 1
a: Begin Untransformation


You were on level 4 of the Dungeon.
You were a hulking beast.
You visited 1 branch of the dungeon, and saw 4 of its levels.

You collected 173 gold pieces.

Inventory:

Hand Weapons
 e - a +3 flail (weapon)
Missiles
 g - 2 throwing nets
Armour
 a - a +0 animal skin (worn)
Jewellery
 n - an amulet of reflection
Talismans
 c - a beast talisman (active)
 d - a flux talisman
Scrolls
 b - 2 scrolls of revelation {unknown}
 f - 2 scrolls of fog {unknown}
 i - 2 scrolls of identify {unknown}
 l - 2 scrolls of blinking {unknown}
Potions
 h - a potion of brilliance
 j - a potion of curing {unknown}
 k - a potion of resistance
 m - a potion of heal wounds {unknown}


   Skills:
 + Level 4.2 Fighting
 + Level 3.3 Dodging
 + Level 3.8 Unarmed Combat
 + Level 3.9 Shapeshifting


You had 5 spell levels left.
You didn't know any spells.
Your spell library contained the following spells:

 Spells                   Type           Power      Damage    Failure   Level
 Freeze                   Ice            0%         1d3       34%         1
 Frozen Ramparts          Ice            0%         1d1       71%         3
 Hailstorm                Conj/Ice       0%         3d3       71%         3


Dungeon Overview and Level Annotations

Branches:
Dungeon (4/15)
 Temple: D:4-7

Altars:
Qazlal


Innate Abilities, Weirdness & Mutations

You are a hulking beast.
Your limbs bulge with bestial killing power. (Slay +2)
You are too large for most types of armour.
You have tough skin. (AC +1)


Message History

The iguana moves out of view.
There are monsters nearby!
The iguana hisses angrily.
The orc barely misses you.
The orc priest looks braver for a moment.
Found a stone staircase leading down.
The orc barely misses you.
You hit something. The orc hits you with a +0 flail.
The orc priest barely misses you.
You hear some strange, mumbled words.
A magic dart appears from out of thin air!
The magic dart hits you! The orc closely misses you.
Something hits you but does no damage.
The orc priest invokes the aid of Beogh against you.
You struggle to resist.
You hit the orc priest.
The orc priest is lightly wounded.
The orc hits you with a +0 flail! The orc priest barely misses you.
Something hits you.
You barely miss the orc priest.
The orc priest is lightly wounded.
The orc closely misses you.
The orc priest looks encouraged for a moment.
You hear some strange, mumbled words.
You are confused.
The orc hits you with a +0 flail. Something hits you.
The orc priest closely misses you. Something hits you. The iguana bites you.
* * * LOW HITPOINT WARNING * * *
Unknown command.
You're too confused to move!
The orc closely misses you. The iguana bites you!
* * * LOW HITPOINT WARNING * * *
The orc priest hits you with a +0 club.
* * * LOW HITPOINT WARNING * * *
You hear some strange, mumbled words.
Something tries to affect you, but you resist.
Unknown command.
It was a potion of resistance.
You feel protected. The orc hits you with a +0 flail!
You die...

...##..>#######
...............#
...............#
...............#
#..............#
#..............#
#..............#
#.....lo{......#
#......ho......#
#....!.........#
#......?.......#
#..............#
#..............#
#...##.........#
#... #.........#
... #.........
.. #....##...


You could see an iguana, an orc priest and an orc.

Vanquished Creatures
  Sigmund (D:2)
  An orc priest (D:2)
  An orc wizard (D:2)
  3 adders
  A dart slug (D:1)
  6 orcs
  7 ball pythons
  5 endoplasms
  5 giant cockroaches
  8 goblins
  3 hobgoblins
  4 jackals (D:1)
  4 quokkas
  6 bats
  4 frilled lizards
  10 kobolds
  5 rats
74 creatures vanquished.

Notes
Turn   | Place    | Note
-------+----------+-------------------------------------------
     0 | D:1      | Shayle the Ogre Shapeshifter began the quest for the Orb.
     0 | D:1      | Reached XP level 1. HP: 19/19 MP: 1/1
   105 | D:1      | Reached XP level 2. HP: 16/28 MP: 2/2
   264 | D:1      | Reached skill level 2 in Fighting
   440 | D:1      | Reached XP level 3. HP: 25/35 MP: 3/3
   931 | D:2      | Noticed Sigmund
   950 | D:2      | Killed Sigmund
   951 | D:2      | Reached skill level 3 in Fighting
   951 | D:2      | Reached XP level 4. HP: 48/48 MP: 4/4
   951 | D:2      | Reached XP level 5. HP: 54/54 MP: 5/5
  1349 | D:2      | Reached skill level 4 in Fighting
  1349 | D:2      | Reached XP level 6. HP: 4/62 MP: 6/6
  2338 | D:3      | Found a stormy altar of Qazlal.
  2393 | D:3      | Found a faded altar of an unknown god.
  2948 | D:4      | Slain by an orc

Illustrated notes

Levels and vault maps discovered:
D:1:      eino_arrival_tree_alley, layout_loops_ring, minmay_misc_feat_square,
          minivault_14, grunt_decor_junction, amcnicky_mini_pool_small,
          serial_bayou_pond_d
D:2:      cheibrodos_pilgrimage, layout_basic, kennysheep_generic_room_13,
          uniq_sigmund
D:3:      layout_basic, grunt_qazlal_clouds,
          hellmonk_ecumenical_altar_heavens_door
D:4:      layout_gridville

Skill      XL: |  1  2  3  4  5 |
---------------+----------------+-----
Dodging        | 2 3 |  3.3
Fighting       | 2 3 4 |  4.2
Unarmed Combat | 3 |  3.8
Shapeshifting  | |  3.9

Action                     |  1- 3 |  4- 6 || total
---------------------------+-------+-------++-------
  Melee: Unarmed           |    78 |    27 ||   105
         Punch             |     2 |     1 ||     3
         Flail             |       |    81 ||    81
    Use: Potion            |     1 |     3 ||     4
   Stab: Sleeping          |       |     1 ||     1
 Armour: Animal skin       |    20 |    39 ||    59
         Skin              |     4 |       ||     4
  Dodge: Dodged            |    34 |    72 ||   106

Table legend: (Time is in decaauts)
 A = Elapsed time spent in this place.
 B = Non-inter-level travel time spent in this place.
 C = Inter-level travel time spent in this place.
 D = Time resting spent in this place.
 E = Time spent auto-exploring this place.
 F = Levels seen in this place.
 G = Mean time per level.
                   A        B        C        D        E       F      G
               +--------+--------+--------+--------+--------+-----+--------+
         Total |   2973 |   2906 |     67 |    237 |   2121 |   4 |  743.2 |
       Dungeon |   2973 |   2906 |     67 |    237 |   2121 |   4 |  743.2 |
               +--------+--------+--------+--------+--------+-----+--------+

Top non-repeatable levels by time:
     D:2: 924 daAuts
     D:3: 912 daAuts
     D:1: 909 daAuts
     D:4: 226 daAuts
